 Dungeon Crawl Stone Soup version 0.31-a0-859-g9dce7d3444 (webtiles) character file.

Game seed: 18408110849996903126

9 Azuregosa the Sneak (level 2, 0/21 HPs)
             Began as an Octopode Delver on Oct 9, 2023.
             Slain by an ufetubus (2 damage)
             ... on level 5 of the Dungeon.
             The game lasted 00:00:40 (59 turns).

Azuregosa the Sneak (Octopode Delver)                 Turns: 59, Time: 00:00:41

Health: 0/21       AC:  1    Str: 11    XL:     2   Next: 12%
Magic:  2/2        EV: 13    Int: 12    God:
Gold:   0          SH:  0    Dex: 13    Spells: 1/1 levels left

rFire   . . .        a - +0 falchion
rCold   . . .        (no shield)
rNeg    . . .        (helmet restricted)
rPois   .            (no amulet)
rElec   .            (no ring)
rCorr   .            (no ring)
SInv    .            (no ring)
Will    .....        (no ring)
Stlth   ++++         (no ring)
HPRegen 0.23/turn    (no ring)
MPRegen 0.08/turn    (no ring)
                     (no ring)

%: no passive effects
@: no status effects
A: almost no armour, amphibious, 8 rings, camouflage 1, gelatinous body 1,
(nimble swimmer 1), tentacles
a: no special abilities


You were on level 5 of the Dungeon.
You visited 1 branch of the dungeon, and saw 1 of its levels.

Inventory:

Hand Weapons
 a - a +0 falchion (weapon)
Wands
 f - a wand of digging (3)
Scrolls
 b - a scroll of fog
 c - a scroll of revelation
 d - a scroll of fear
Potions
 e - a potion of haste


   Skills:
 + Level 3.1 Fighting
 + Level 2.2 Long Blades
 + Level 2.2 Dodging
 + Level 6.7 Stealth


You had one spell level left.
You didn't know any spells.
Your spell library was empty.

Dungeon Overview and Level Annotations

Branches:
Dungeon (5/15)
 Temple: D:4-7

Altars:


Innate Abilities, Weirdness & Mutations

You cannot wear most types of armour.
You are amphibious.
You can wear up to eight rings at the same time.
Your skin changes colour to match your surroundings (Stealth+).
Your rubbery body absorbs attacks. (AC +1, EV +1)
((You are camouflaged when in or above water. (Stealth+)))
You have tentacles for arms and can constrict up to eight enemies at once.


Message History

The adder hisses angrily.
You barely miss the adder. You grab the adder.
You constrict the adder, but do no damage.
The adder bites you.
You hit the adder. You squeeze the adder.
You kill the adder!
You have reached level 2!
You start resting.
HP restored.
You see here an adder corpse.
An ufetubus is nearby!
You strike the helpless ufetubus from behind!
You hit the ufetubus. Your grab misses the ufetubus.
The ufetubus is heavily wounded.
The ufetubus hits you. The ufetubus closely misses you.
You hit the ufetubus. Your grab misses the ufetubus.
The ufetubus is severely wounded.
The ufetubus barely misses you. The ufetubus closely misses you.
The ufetubus hits you. The ufetubus misses you.
You miss the ufetubus. Your grab misses the ufetubus.
Your squeeze misses the ufetubus.
The ufetubus is severely wounded.
The ufetubus hits you. x2; The ufetubus misses you.
The ufetubus closely misses you.
You hit the ufetubus but do no damage. Your grab misses the ufetubus.
The ufetubus is severely wounded.
The ufetubus hits you. The ufetubus misses you. The ufetubus hits you.
* * * LOW HITPOINT WARNING * * *
The ufetubus hits you but does no damage.
You barely miss the ufetubus. Your grab misses the ufetubus.
The ufetubus is severely wounded.
The ufetubus closely misses you. x2; The ufetubus hits you.
* * * LOW HITPOINT WARNING * * *
The ufetubus hits you.
* * * LOW HITPOINT WARNING * * *
You barely miss the ufetubus. You grab the ufetubus.
The ufetubus is severely wounded.
You constrict the ufetubus. The ufetubus closely misses you.
The ufetubus hits you.
You die...

.>......#
........# ..
........# .#
........###. ..##
# ........#...
..## ..
............
...###..#
...........
##......
.........##
#....# ###....###
##.@5# ###...##
##...## .......##
##...##
...##...####...##
######...##...##
###.....##
##....# ##..##
.....


You could see an ufetubus.

Vanquished Creatures
  An adder (D:5)
1 creature vanquished.

Notes
Turn   | Place    | Note
-------+----------+-------------------------------------------
     0 | D:5      | Azuregosa the Octopode Delver began the quest for the Orb.
     0 | D:5      | Reached XP level 1. HP: 16/16 MP: 1/1
    13 | D:5      | Reached XP level 2. HP: 18/21 MP: 2/2
    59 | D:5      | Slain by an ufetubus

Illustrated notes

Levels and vault maps discovered:
D:5:      layout_layer_cave, grunt_temple_overflow_open, uniq_grinder

Action                     || total
---------------------------++-------
  Melee: Falchion          ||     8
         Constrict         ||     2
         Tentacles         ||     1
   Stab: Distracted        ||     1
 Armour: Skin              ||    11
  Dodge: Dodged            ||    10

Table legend: (Time is in decaauts)
 A = Elapsed time spent in this place.
 B = Non-inter-level travel time spent in this place.
 C = Inter-level travel time spent in this place.
 D = Time resting spent in this place.
 E = Time spent auto-exploring this place.
 F = Levels seen in this place.
 G = Mean time per level.
                   A        B        C        D        E       F      G
               +--------+--------+--------+--------+--------+-----+--------+
         Total |     60 |     60 |      0 |     12 |     23 |   1 |   60.0 |
       Dungeon |     60 |     60 |      0 |     12 |     23 |   1 |   60.0 |
               +--------+--------+--------+--------+--------+-----+--------+

Top non-repeatable levels by time:
     D:5: 60 daAuts
